 Dungeon Crawl Stone Soup version 0.25.0 (webtiles) character file.

Game seed: 14610609989123576343

205 Jakers the Chiller (level 5, 0/28 HPs)
             Began as a Deep Elf Ice Elementalist on June 12, 2020.
             Killed by nerve-wracking pain
             ... invoked by Grinder
              (6 damage)
             ... on level 3 of the Dungeon.
             The game lasted 00:07:59 (3676 turns).

Jakers the Chiller (Deep Elf Ice Elementalist)      Turns: 3676, Time: 00:08:00

Health: 0/28       AC:  2    Str:  5    XL:     5   Next: 53%
Magic:  7/11       EV: 13    Int: 21    God:
Gold:   147        SH:  0    Dex: 15    Spells: 1/10 levels left

rFire    . . .     SeeInvis .   d - +0 dagger
rCold    . . .     Gourm    .   (no shield)
rNeg     . . .     Faith    .   a - +0 robe
rPois    .         Spirit   .   (no helmet)
rElec    .         Reflect  .   (no cloak)
rCorr    .         Harm     .   (no gloves)
MR       .....                  (no boots)
Stlth    +++.......             (no amulet)
HPRegen  0.09/turn              (no ring)
MPRegen  0.12/turn              (no ring)

@: frozen ramparts
A: no striking features
a: no special abilities


You were on level 3 of the Dungeon.
You were hungry.

You visited 1 branch of the dungeon, and saw 3 of its levels.

You collected 147 gold pieces.

Inventory:

Hand Weapons
 d - a +0 dagger (weapon)
 k - a +2 vampiric whip
Armour
 a - a +0 robe (worn)
Scrolls
 b - 3 scrolls of remove curse
 e - 2 scrolls of amnesia
 f - 7 scrolls of identify
 h - a scroll of teleportation
Potions
 j - 2 potions of flight
 n - a potion of might
Comestibles
 c - 5 rations


   Skills:
 - Level 2.4 Dodging
 + Level 4.0 Stealth
 - Level 3.0 Spellcasting
 - Level 7.0 Ice Magic


You had one spell level left.
You knew the following spells:

 Your Spells              Type           Power        Failure   Level  Hunger
a - Freeze                Ice            ####         1%          1    None
b - Frozen Ramparts       Ice            ####..       2%          3    ###....
c - Ozocubu's Armour      Chrm/Ice       ###.....     10%         3    ###....
d - Ensorcelled Hibernat  Hex/Ice        ###...       4%          2    ##.....

Your spell library contained the following spells:

 Spells                   Type           Power        Failure   Level  Hunger
 Corona                   Hex            #......      13%         1    None
 Hailstorm                Conj/Ice       ###.....     30%         4    ####...
 Summon Ice Beast         Ice/Summ       ###.....     30%         4    ####...
 Confusing Touch          Hex            #.......     36%         3    ###....
 Dazzling Flash           Conj/Hex       #.....       36%         3    ###....
 Tukima's Dance           Hex            #.......     36%         3    ###....


Dungeon Overview and Level Annotations

Branches:
Dungeon (3/15)

Altars:
Kikubaaqudgha
Nemelex Xobeh

Annotations:
D:3 Grinder


Message History

Aim: Grinder (moderately wounded)
Okay, then.
Okay, then.
Grinder resists.
The wall freezes Grinder.
Grinder blinks!
Okay, then.
Okay, then.
The frozen ramparts melt away.
Casting: Freeze (safe; 1% risk of failure)
Confirm with . or Enter, or press ? or * to list all spells.
Okay, then.
Casting: Freeze (safe; 1% risk of failure)
Confirm with . or Enter, or press ? or * to list all spells.
You can't see any susceptible monsters within range! (Use Z to cast anyway.)
Casting: Freeze (safe; 1% risk of failure)
Confirm with . or Enter, or press ? or * to list all spells.
The walls around you are covered in ice.
Grinder resists.
The wall freezes Grinder.
Grinder gestures at you. Pain shoots through your body!
You die...

#.####.##.#......5.........)....#
#....#.##.##.##.......#.###.#####
#.......#...............# #.#
#....#..####5########.#####.#
#..#.#....................#)#
#.##.#.......#.###.###.##.#)#
.................#.##..)....#
.######.######.#.#.##.#.#...# ###
.......)....(...@..##.......# #..
.######.######..#######.##..###..
......#......#..# #....#.......
#####.#..###.#..### #.##.#..###..
#......# #.#....# #.##....# #..
#######'####.##.#.###.##....# #..
..# #.....#........#.##....# #..
..# #..........#.#.#.##.#..# ###
..# #..........<...#.##.#..#####


You could see Grinder.

Vanquished Creatures
  A hound (D:3)
  An iguana (D:3)
  Terence (D:3)
  5 adders
  2 worms (D:2)
  A dart slug (D:1)
  A leopard gecko (D:2)
  2 orcs (D:3)
  2 ball pythons (D:3)
  10 bats
  4 giant cockroaches
  9 goblins
  5 hobgoblins
  6 jackals (D:2)
  A frilled lizard (D:1)
  6 kobolds
  8 rats
65 creatures vanquished.

Notes
Turn   | Place    | Note
-------+----------+-------------------------------------------
     0 | D:1      | Jakers the Deep Elf Ice Elementalist began the quest for
                  | the Orb.
     0 | D:1      | Reached XP level 1. HP: 10/10 MP: 6/6
   345 | D:1      | Reached XP level 2. HP: 3/15 MP: 6/8
   444 | D:1      | Reached skill level 5 in Ice Magic
  1249 | D:2      | Reached XP level 3. HP: 19/19 MP: 4/9
  1257 | D:2      | Learned a level 3 spell: Frozen Ramparts
  1261 | D:2      | Learned a level 3 spell: Ozocubu's Armour
  1444 | D:2      | Reached skill level 6 in Ice Magic
  1542 | D:2      | Found a faded altar of an unknown god.
  1623 | D:2      | Reached XP level 4. HP: 24/24 MP: 5/10
  1943 | D:2      | Found a sparkling altar of Nemelex Xobeh.
  2039 | D:2      | Learned a level 2 spell: Ensorcelled Hibernation
  2166 | D:2      | Found an ancient bone altar of Kikubaaqudgha.
  2839 | D:3      | Reached skill level 7 in Ice Magic
  2839 | D:3      | Reached XP level 5. HP: 22/28 MP: 6/11
  3259 | D:3      | Noticed Terence
  3265 | D:3      | Killed Terence
  3497 | D:3      | Noticed Grinder
  3656 | D:3      | Paralysed by Grinder for 5 turns
  3676 | D:3      | Killed from afar by Grinder

Illustrated notes

Levels and vault maps discovered:
D:1:      dpeg_arrival_pond, layout_rooms
D:2:      layout_rooms, kiku_gazebo_pond_becter, serial_co_window_serial,
          co_window_paths_a, co_window_of_opportunity_a, co_window_corner_a,
          co_window_paths_a, co_window_paths_a, co_window_of_opportunity_b,
          co_window_broadway_c, co_window_unsneaky_path_b,
          co_window_of_opportunity_c, co_window_broadway_c,
          co_window_of_opportunity_c, glass_columns_a, first_ration,
          chequers_ecumenical_altar_simple_redux, nemelex_spade_bored_becter
D:3:      layout_basic, uniq_grinder, uniq_terence

Skill      XL: |  1  2  3  4  5 |
---------------+----------------+-----
Ice Magic      | 5 6 7 |  7.0
Stealth        | 4 |  4.0
Dodging        | |  2.4
Spellcasting   | |  3.0

Action                   |  1- 3 |  4- 6 || total
-------------------------+-------+-------++-------
Melee: Unarmed           |    16 |       ||    16
       Dagger            |     6 |    16 ||    22
       Whip              |    14 |    11 ||    25
 Cast: Freeze            |    47 |    22 ||    69
       Frozen Ramparts   |     5 |     9 ||    14
       Ozocubu's Armour  |       |     1 ||     1
  Use: Scroll            |       |     8 ||     8
 Stab: Sleeping          |     1 |     4 ||     5
  Eat: Chunk             |     2 |     7 ||     9
Armor: Robe              |    32 |     7 ||    39
Dodge: Dodged            |   108 |    30 ||   138
